 Dungeon Crawl Stone Soup version 0.30-a0-576-g89cddaab80 (webtiles) character file.

Game seed: 9341519410965710911

1208 cforsyth the Fighter (level 8, -5/74 HPs)
             Began as a Ghoul Monk on Dec 31, 2022.
             Slain by a wight
             ... wielding a +3 great sword
              (10 damage)
             ... on level 5 of the Dungeon.
             The game lasted 00:06:16 (4499 turns).

cforsyth the Fighter (Ghoul Monk)                   Turns: 4499, Time: 00:06:16

Health: -5/74      AC:  7    Str: 16 (17) XL:     8   Next: 45%
Magic:  7/7        EV: 16    Int:  4 (5)  God:
Gold:   391        SH:  0    Dex:  8 (11) Spells: 7/7 levels left

rFire   . . .      SeeInvis .      - Unarmed
rCold   + . .      Faith    .    (no shield)
rNeg    + + +      Spirit   .    p - +0 ring mail
rPois   ∞          Reflect  .    j - +1 helmet
rElec   .          Harm     .    (no cloak)
rCorr   .          Rampage  .    (no gloves)
Will    .....                    (no boots) Stlth
                                 (no amulet)
HPRegen 0.00/turn                n - +5 ring of evasion
MPRegen 0.10/turn                f - ring of flight

@: confused, ambrosia-drunk, flying, inhibited regen
A: claws 1, cold resistance 1, negative energy resistance 3, inhibited
regeneration, torment resistance 2, devour on kill
a: no special abilities


You were on level 5 of the Dungeon.
You visited 1 branch of the dungeon, and saw 6 of its levels.

You collected 391 gold pieces.

Inventory:

Missiles
 o - 3 throwing nets (quivered)
Armour
 a - a +0 robe
 j - a +1 helmet (worn)
 p - a +0 ring mail (worn)
Jewellery
 f - a ring of flight (right claw)
 n - a +5 ring of evasion (left claw)
 x - a +6 ring of intelligence
Wands
 u - a wand of roots (10)
 v - a wand of flame (12)
 w - a wand of charming (9)
Scrolls
 c - a scroll of fog {unknown}
 e - a scroll of blinking {unknown}
 g - 2 scrolls of acquirement {unknown}
 l - 4 scrolls of enchant armour {unknown}
 r - 2 scrolls of teleportation {unknown}
 t - a scroll of brand weapon {unknown}
 y - 2 scrolls of amnesia {unknown}
 z - a scroll of vulnerability {unknown}
Potions
 d - a potion of might
 h - 2 potions of haste
 i - 3 potions of curing
 k - a potion of lignification
 m - 3 potions of brilliance


   Skills:
 + Level 8.2 Fighting
 + Level 1.6 Armour
 - Level 2.6 Dodging
 - Level 2.1 Stealth
 + Level 8.1 Unarmed Combat


You had 7 spell levels left.
You didn't know any spells.
Your spell library contained the following spells:

 Spells                   Type           Power      Damage    Failure   Level
 Sandblast                Erth           0%         2d4       71%         1
 Passwall                 Tmut/Erth      0%         N/A       85%         2
 Ignite Poison            Fire/Tmut/Pois 0%         N/A       97%         3
 Stone Arrow              Conj/Erth      0%         3d7       97%         3
 Sticky Flame             Conj/Fire      0%         2d3       100%        4
 Summon Hydra             Summ           0%         N/A       100%        7
 Ignition                 Fire           0%         3d3       100%        8
 Sublimation of Blood     Necr           Unusable   N/A       N/A         2
 Wereblood                Tmut           Unusable   N/A       N/A         2

Dungeon Overview and Level Annotations

Branches:
Dungeon (6/15)             Temple (0/1) D:4

Altars:
Cheibriados
Kikubaaqudgha

Shops:
D:4 :   D:5 (::!?

Annotations:
D:6 2 runed translucent doors


Innate Abilities, Weirdness & Mutations

You are immune to poison.
You have sharp fingernails.
Your flesh is cold resistant. (rC+)
You are immune to negative energy. (rN+++)
You do not regenerate when monsters are visible.
You are immune to unholy pain and torment.
You thrive by killing the living.


Message History

The wight barely misses you. The wight hits you with a +4 hand axe.
You closely miss the wight.
The wight is moderately damaged.
You scratch the wight.
The wight is severely damaged.
The wight misses you. The wight barely misses you.
You scratch the wight.
The wight is almost destroyed.
The wight hits you with a +3 great sword!!
The wight hits you with a +4 hand axe!
You are too injured to fight recklessly!
You are too injured to fight recklessly!
You are too injured to fight recklessly!
You are too injured to fight recklessly!
You are too injured to fight recklessly!
You are too injured to fight recklessly!
You are too injured to fight recklessly!
The wight attacks as you move away!
The wight hits you with a +3 great sword!
* * * LOW HITPOINT WARNING * * *
The wight hits you with a +4 hand axe.
* * * LOW HITPOINT WARNING * * *
Found 10 gold pieces.
You see here a scroll of identify.
It was a potion of lignification.
You feel woody for a moment. The wight barely misses you.
It was a potion of degeneration.
There was something very wrong with that liquid.
You feel weakened.
You feel dopey.
You feel clumsy. The wight misses you. The wight attacks as you move away!
The wight misses you.
There is a stone staircase leading up here.
The wight hits you with a +3 great sword!
* * * LOW HITPOINT WARNING * * *
You fly upwards.
There is a stone staircase leading down here.
You are confused.
You feel invigorated.
The wight hits you with a +3 great sword!
You die...

#..#......##.............##
#..#.......#...#...#####.##
#..#.##.......#.#..........
#..#.##..#.#.#...#.###...##
#..#.##.....#..∩..#........
####..#.###.#...#...#.[##...##
#.....#.###.#....#.#...###.##
#.#...............#........#
###....#####...@..)).....[#..#
#...............z..#.###.....#
#.#####.####....####...).#.#.#
#.# #.##....#.# #######...###
#.# #.###...############..!...
#.#
###.##.....#............####
#.###.#.........##########.##
#......÷..).∩...#### #.#
#####..#..÷........# #.#


You could see a wight.

Vanquished Creatures
  2 black bears
  An ice beast (D:5)
  A necrophage (D:4)
  3 scorpions (D:4)
  5 wights
  5 hounds
  A jelly (D:6)
  2 iguanas
  Jessica (D:3)
  Ijyb (D:4)
  4 gnolls
  5 adders
  An ufetubus (D:5)
  3 worms
  A dart slug (D:5)
  8 orcs
  7 ball pythons
  3 endoplasms
  3 giant cockroaches
  11 goblins
  6 hobgoblins
  A quokka (D:5)
  3 bats
  3 frilled lizards (D:1)
  3 kobolds
  4 rats
88 creatures vanquished.

Notes
Turn   | Place    | Note
-------+----------+-------------------------------------------
     0 | D:1      | cforsyth the Ghoul Monk began the quest for the Orb.
     0 | D:1      | Reached XP level 1. HP: 19/19 MP: 0/0
   160 | D:1      | Reached XP level 2. HP: 23/26 MP: 1/1
   562 | D:1      | Reached XP level 3. HP: 24/33 MP: 2/2
   722 | D:1      | Found a faded altar of an unknown god.
  1509 | D:2      | Reached XP level 4. HP: 24/41 MP: 0/3
  2154 | D:3      | Noticed Jessica
  2159 | D:3      | Killed Jessica
  2160 | D:3      | Reached skill level 5 in Fighting
  2160 | D:3      | Reached skill level 5 in Unarmed Combat
  2160 | D:3      | Reached XP level 5. HP: 35/48 MP: 4/4
  2444 | D:4      | Noticed Ijyb
  2478 | D:4      | Killed Ijyb
  2544 | D:4      | Reached XP level 6. HP: 57/57 MP: 5/5
  2611 | D:4      | Found Qoto's Self-Improvement Boutique.
  2725 | D:4      | Reached XP level 7. HP: 59/64 MP: 6/6
  3061 | D:4      | Found a staircase to the Ecumenical Temple.
  3351 | D:4      | Found an ancient bone altar of Kikubaaqudgha.
  3453 | D:5      | Entered Level 5 of the Dungeon
  3606 | D:5      | Found Goymudd's Distillery.
  3664 | D:5      | Reached XP level 8. HP: 41/74 MP: 7/7
  3816 | D:5      | Found a snail-covered altar of Cheibriados.
  3846 | D:5      | Found Bulomumi's Book Shop.
  3907 | D:5      | Found Rygroiq's Weapon Emporium.
  3992 | D:5      | Found Menexot's Book Emporium.
  4099 | D:5      | Found Qiof's Magic Scroll Emporium.
  4260 | D:6      | Found a large runed translucent door.
  4261 | D:6      | Found a large runed translucent door.
  4396 | D:6      | Reached skill level 1 in Armour
  4497 | D:6      | HP: 1/74 [wight/+3 great sword (13)]
  4499 | D:5      | Slain by a wight

Illustrated notes

Levels and vault maps discovered:
D:1:      nzn_arrival_crosshair, layout_loops_cross,
          shapermc_ecumenical_altar_hornbeckon
D:2:      layout_basic
D:3:      layout_loops_ring, uniq_jessica
D:4:      layout_loops_cross, mainiacjoe_overflow_surrounded_room,
          minmay_temple_entry_junction, nicolae_shop_self_help, uniq_ijyb
D:5:      layout_loops_ring, cheibriados_altar_1, serial_shops,
          nicolae_shop_bloodbath_and_beyond, nicolae_shop_trees,
          nicolae_diamond_shop, kennysheep_little_box, shop
D:6:      layout_rooms, ebering_ghost_disaster_area, serial_co_window_serial,
          co_window_of_opportunity_a, co_window_cross_1, co_window_paths_a,
          co_window_of_opportunity_a, co_window_paths_a, co_window_paths_b,
          co_window_of_opportunity_c, co_window_corner_cb, co_window_broadway_b,
          co_window_cross_4, glass_columns_c, glass_columns_c, minivault_5,
          uniq_grinder

Skill      XL: |  1  2  3  4  5  6  7  8 |
---------------+-------------------------+-----
Fighting       | 4 5 6 7 8 |  8.2
Unarmed Combat | 4 5 6 7 8 |  8.1
Armour         | 1 |  1.6
Dodging        | |  2.6
Stealth        | |  2.1

Action                   |  1- 3 |  4- 6 |  7- 9 || total
-------------------------+-------+-------+-------++-------
Melee: Unarmed           |   123 |   120 |   128 ||   371
       Punch             |     2 |     4 |     7 ||    13
  Use: Scroll            |       |       |     5 ||     5
       Potion            |       |       |     3 ||     3
 Stab: Sleeping          |     6 |       |       ||     6
Armor: Robe              |    16 |       |       ||    16
       Ring mail         |     1 |    18 |    24 ||    43
Dodge: Dodged            |    63 |    72 |   105 ||   240

Table legend: (Time is in decaauts)
 A = Elapsed time spent in this place.
 B = Non-inter-level travel time spent in this place.
 C = Inter-level travel time spent in this place.
 D = Time resting spent in this place.
 E = Time spent auto-exploring this place.
 F = Levels seen in this place.
 G = Mean time per level.
                   A        B        C        D        E       F      G
               +--------+--------+--------+--------+--------+-----+--------+
         Total |   4466 |   4331 |    135 |    193 |   3326 |   6 |  744.3 |
       Dungeon |   4466 |   4331 |    135 |    193 |   3326 |   6 |  744.3 |
               +--------+--------+--------+--------+--------+-----+--------+

Top non-repeatable levels by time:
     D:4: 1017 daAuts
     D:2: 938 daAuts
     D:1: 804 daAuts
     D:5: 787 daAuts
     D:3: 673 daAuts
     D:6: 246 daAuts
